Match 45297949
Unlisted

Match 45297949
End
Vickers Machine Gun Team
Construct Section Command Post
Infantry Section
ML 3-inch Mortar Team
Infantry Section
Construct Platoon Command Post
Unlock M3 Stuart Light Tanks
M3 Stuart Light Tank
M3 Stuart Light Tank
CMP 15cwt Truck
Construct Company Command Post
Crusader II Medium Tank
Selects Air and Sea Battlegroup
Selects Naval Blockade
Selects UNKNOWN (223837)
Selects Naval Bombardment
Crusader II Medium Tank
Crusader II Medium Tank
Naval Bombardment
Armored Vehicle Training
Crusader II Medium Tank
luna
RitraXP
Gasconha
Som3th1ng
Stubbs
[TD] Salah-Al-Din
J-play
=B52F=|Mòzªmßiquë{General}
0
0

Comments sign in to comment!

No comments posted yet!